[Event "New Zealand Junior Championship"]
[Site "Wellington"]
[ePGN "0.1;DGT LiveChess/2.2.5"]
[Date "2023.01.09"]
[Round "7.1"]
[White "Young, Cohen"]
[Black "Gong, Daniel Hanwen"]
[Result "1/2-1/2"]
[TimeControl "60 mins plus 30 secs per move"]
[BlackTitle "FM"]
[WhiteFideId "4317440"]
[BlackFideId "4303962"]
[WhiteElo "1994"]
[BlackElo "2388"]

1. e4 c5 2. Nf3 e6 3. d4 cxd4 4.
Nxd4 a6 5. c4 Nf6 6. Nc3 Bb4 7. Qd3 d6 8. f3 Nbd7 9. Be3 O-O 10. Nc2 Bxc3+ 11. Qxc3 Qc7 12. Rd1 Rd8 13. Bf4 Ne8 14.
Be2 b6 15. O-O Bb7 16. Rd2 Rac8 17. Rfd1 e5 18. Be3 Nc5 19. Bf2 Rb8 20. Ne3 Ne6 21. Nd5 Bxd5 22. cxd5 Nf4 23. Qxc7 Nxc7 24.
Bf1 b5 25. g3 Ng6 26. Rc1 Ne8 27. Rdc2 Ne7 28. Bh3 g6 29. Be1 f5 30. Ba5 Rd7 31. b4 Kg7 32. Kf2 Kf6 33. Ke3 Ra7 1/2-1/2

[Event "New Zealand Junior Championship"]
[Site "Wellington"]
[Date "2023.01.09"]
[Round "7.2"]
[White "Mao, Daqi"]
[Black "Kerr, Atlas"]
[Result "1-0"]
[TimeControl "60 mins plus 30 secs per move"]
[WhiteFideId "4311370"]
[BlackFideId "4319486"]
[WhiteElo "2085"]
[BlackElo "1953"]

1. d4 Nf6 2. c4 e6 3. Nf3 b6 4. g3 Bb7 5. Bg2 Be7 6. O-O O-O 7. Nc3 d5 8. cxd5 Nxd5 9. Nxd5 Bxd5 10.
Qc2 Nd7 11. e4 Bb7 12. Bf4 Rc8 13. Rad1 Nf6 14. Rfe1 Bb4 15. Bd2 Bxd2 16. Rxd2 Qe7 17. Bh3 c6 18. Qd1 Rfd8 19. Ne5 Ne8 20.
f4 Nd6 21. b3 Rc7 22. Nf3 c5 23. dxc5 1-0

[Event "New Zealand Junior Championship"]
[Site "Wellington"]
[Date "2023.01.09"]
[Round "7.3"]
[White "Malcolm, Leo"]
[Black "Paxton, Levi"]
[Result "1-0"]
[TimeControl "60 mins plus 30 secs per move"]
[WhiteFideId "4317408"]
[BlackFideId "4317211"]
[WhiteElo "1777"]
[BlackElo "1912"]

1. d4 Nf6 2. Nf3 e6 3. c4 b6 4.
Nc3 Bb7 5. Bg5 Be7 6. Bxf6 Bxf6 7. e4 O-O 8. Bd3 d6 9. O-O Nd7 10. Bc2 g6 11. Ne1 c5 12. d5 Ne5 13. Bd3 exd5 14.
exd5 Ba6 15. Qa4 Bc8 16. Ne4 Nxd3 17. Nxf6+ Qxf6 18. Nxd3 Bf5 19. Nf4 Qxb2 20. Rae1 a6 21. Qc6 Qd4 22.
g3 Qxc4 23. Re7 g5 24. Nh5 Bg6 25. Nf6+ Kg7 26. Qxd6 Qd4 27. Re5 c4 28. Nd7 c3 29. Qf6+ Kg8 30. Qxg5 c2 31. Qh6 Rfd8 32.
Nf6+ Kh8 33. Nxh7 Bxh7 34. Qf6+ Kg8 35. Rg5+ Bg6 36. Rxg6+ fxg6 37. Qxd4 Rac8 38. Rc1 Rc5 39. Qf6 Rdxd5 40. Qxg6+ Kf8 41. Rxc2 1-0

[Event "New Zealand Junior Championship"]
[Site "Wellington"]
[Date "2023.01.09"]
[Round "7.5"]
[White "Qi, Jenny"]
[Black "Van der Hoorn, Thomas"]
[Result "0-1"]
[TimeControl "60 mins plus 30 secs per move"]
[WhiteFideId "30995914"]
[BlackFideId "4314565"]
[WhiteElo "1556"]
[BlackElo "2068"]

1. e4 e5 2. Nf3 Nf6 3. Nxe5 Nc6 4. Nxc6 dxc6 5. d3 Bc5 6. Be2 h5 7. c3 Ng4 8. d4 Be7 9. h3 Nf6 10.
e5 Nd5 11. Bxh5 Bf5 12. Bf3 Qd7 13. Qe2 O-O-O 14. Be3 Kb8 15. Nd2 f6 16. Bxd5 Qxd5 17. Qf3 Qe6 18. exf6 Bxf6 19. O-O-O Bg6 20.
Nb3 a5 21. Bf4 Qf5 22. Bxc7+ Kxc7 23. Qxf5 Bxf5 24. Nxa5 Bg5+ 25. Rd2 Ra8 26. Nb3 Rxa2 27. Rhd1 Rha8 28. h4 Ra1+ 29. Nxa1 Rxa1# 0-1

[Event "New Zealand Junior Championship"]
[Site "Wellington"]
[Date "2023.01.09"]
[Round "7.6"]
[White "Lu, Xiahan (Luna)"]
[Black "Barnett-Harris, Lucas"]
[Result "0-1"]
[TimeControl "60 mins plus 30 secs per move"]
[WhiteFideId "4317076"]
[BlackFideId "467600"]
[WhiteElo "1480"]
[BlackElo "1769"]

1. d4 d5 2. c4 e6 3. Nc3 Nf6 4. Bg5 Be7 5. e3 c6 6. Nf3 O-O 7. Bd3 Nbd7 8. O-O h6 9. Bh4 dxc4 10.
Bxc4 b5 11. Bb3 a6 12. Qd3 c5 13. Bc2 c4 14. Qd2 Bb7 15. Qe2 Nb6 16. Ne5 Nbd5 17. Nxd5 Nxd5 18. Bg3 Bd6 19. Rad1 Qc7 20.
Qh5 Rac8 21. Rc1 Nf6 22. Qe2 Nd7 23. Nxd7 Qxd7 24. Bxd6 Qxd6 25. Qg4 Rc7 26. Bd1 Rfc8 27. Bf3 Bxf3 28.
Qxf3 Qc6 29. Qxc6 Rxc6 30. Rfd1 c3 31. bxc3 Rxc3 32. Rxc3 Rxc3 33. Kf1 Rc2 34. Ra1 b4 35. Rb1 a5 36.
Ra1 Kf8 37. g3 Ke7 38. Kg2 Kd6 39. Kf3 Kd5 40. h4 a4 41. Rb1 Kc4 42. Ra1 Kc3 43. g4 Kb2 44. Rd1 Kxa2 45. e4 b3 46.
d5 exd5 47. exd5 b2 48. d6 b1=Q 49. Rxb1 Kxb1 50. Ke3 Rc6 0-1

[Event "New Zealand Junior Championship"]
[Site "Wellington"]
[Date "2023.01.09"]
[Round "7.7"]
[White "Gilmore, Blake"]
[Black "Tao, Junqing Jerome"]
[Result "1/2-1/2"]
[TimeControl "60 mins plus 30 secs per move"]
[WhiteFideId "4317548"]
[BlackFideId "4313895"]
[WhiteElo "1725"]
[BlackElo "1465"]

1. Nf3 d5 2. g3 Nc6 3. Bg2 Nf6 4.
O-O Bf5 5. d3 e5 6. Nbd2 Qd7 7. Re1 Bc5 8. c4 Ng4 9.
Rf1 e4 10. cxd5 Qxd5 11. dxe4 Bxe4 12. Nxe4 Qxe4 13. h3 Nge5 14. Nxe5 Qxe5 15. Qc2 Nd4 16. Qa4+ c6 17. e3 Ne2+ 18.
Kh2 O-O 19. Qc4 Nxc1 20. Raxc1 Bd6 21. b3 Ba3 22. Rc2 h6 23. Rd1 Rfe8 24. Rd7 Re7 25. Rcd2 Qf5 26. Rxe7 Bxe7 27. Be4 Qf6 28.
Qd4 Qxd4 29. Rxd4 Rd8 30. Rxd8+ Bxd8 1/2-1/2

[Event "New Zealand Junior Championship"]
[Site "Wellington"]
[Date "2023.01.09"]
[Round "7.8"]
[White "Braganza, Nadia"]
[Black "Li, Bill"]
[Result "0-1"]
[TimeControl "60 mins plus 30 secs per move"]
[WhiteTitle "WCM"]
[WhiteFideId "4305337"]
[BlackFideId "4317289"]
[WhiteElo "1838"]
[BlackElo "1384"]

1. c4 e5 2. Nc3 Nc6 3. g3 f5 4. Bg2 Nf6 5. d3 Bb4 6. Bd2 d6 7. e4 Bxc3 8. Bxc3 fxe4 9. dxe4 Be6 10.
b3 Qd7 11. Ne2 Bh3 12. Bf3 g5 13.
Ng1 g4 14. Nxh3 gxf3 15. Qxf3 Qxh3 16. Qxf6 Rf8 17. Qh4 Qxh4 18. gxh4 Rf4 19. Rg1 Rxe4+ 20. Kd2 Kf7 21. Rg3 Nd8 22.
Rf3+ Ke7 23. Rg1 0-1

[Event "New Zealand Junior Championship"]
[Site "Wellington"]
[Date "2023.01.09"]
[Round "7.10"]
[White "Zhang, Yaoyuan"]
[Black "Loke, Kayden"]
[Result "1/2-1/2"]
[TimeControl "60 mins plus 30 secs per move"]
[WhiteFideId "4311914"]
[BlackFideId "4313186"]
[WhiteElo "1515"]
[BlackElo "1972"]

1. d4 Nf6 2. c4 e6 3. Nc3 d5 4. Bg5 Bb4 5. a3 Bxc3+ 6. bxc3 dxc4 7. Bxf6 Qxf6 8. Qa4+ Bd7 9. Qxc4 Nc6 10. e4 Qd8 11. Nf3 a6 12.
Qa2 O-O 13. Bd3 Na5 14. O-O Bb5 15. Qe2 Bxd3 16. Qxd3 c5 17. Rfd1 b5 18. a4 c4 19. Qc2 Nb3 20. Ra2 Qd6 21.
Nd2 Nxd2 22. Qxd2 Qc6 23. Qc2 Rfb8 24. a5 b4 25. cxb4 Rxb4 26. Rb1 Rab8 27. Rab2 Rxb2 28. Rxb2 Rxb2 29.
Qxb2 h6 30. Qc2 Qb5 31. h3 Qb3 32. Qe2 Qd3 33. Qxd3 cxd3 34. Kf1 e5 35. d5 Kf8 36. Ke1 Ke7 37. Kd2 Kd6 38. Kxd3 Kc5 39.
Kc3 Kb5 40. Kb3 Kxa5 41. Kc4 Kb6 42. Kb4 h5 43. h4 a5+ 44. Ka4 f6 45. f3 g5 46. g3 Ka6 47. Ka3 Kb5 48. Kb3 a4+ 49.
Ka3 Ka5 50. Kb2 Kb6 51. Ka3 Kb5 52.
Kb2 gxh4 53. gxh4 Kb6 54. Ka3 Ka5 55. Kb2 Ka6 56. Ka3 Kb5 57. Kb2 Kb6 58. Ka3 Ka5 59. Kb2 1/2-1/2

[Event "New Zealand Junior Championship"]
[Site "Wellington"]
[Date "2023.01.09"]
[Round "7.11"]
[White "Chen, Anderson"]
[Black "Hwang, Ryan"]
[Result "0-1"]
[TimeControl "60 mins plus 30 secs per move"]
[WhiteFideId "4313011"]
[BlackFideId "4313313"]
[WhiteElo "1487"]
[BlackElo "1655"]

1. e4 c5 2. c4 Nc6 3. Ne2 d6 4. Nbc3 Nf6 5. d3 g6 6.
g3 Bg7 7. Bg2 a6 8. h3 Qc7 9. O-O h6 10. Be3 e6 11. f4 Ng8 12. Rb1 Nge7 13. b3 e5 14. a3 exf4 15. Bxf4 g5 16.
Be3 f5 17. Nd5 Nxd5 18. exd5 Ne7 19. d4 cxd4 20. Nxd4 O-O 21. Qd2 Rf6 22. a4 Qd8 23. Rf2 Qe8 24. Qe2 Qf7 25. Rbf1 Bd7 26.
Qd1 Re8 27. Qd2 Qg6 28. Ne2 Ref8 29. Bd4 R6f7 30. Bxg7 Qxg7 31. Qd4 Qxd4 32. Nxd4 Rf6 33. g4 Kg7 34. Ne6+ Bxe6 35. dxe6 b6 36. gxf5 Rxf5 37. Rxf5 Rxf5 38.
Rxf5 Nxf5 39. Bd5 Kf6 40. b4 Nd4 41. a5 bxa5 42. bxa5 Nxe6 43. Bb7 Nc5 44. Bd5 Ke5 45. Kf2 Nb3 46.
Bb7 Nxa5 47. Bxa6 Kd4 48. Ke2 Nxc4 49. Bb7 d5 50. Kf3 Ne5+ 51. Kg3 h5 52. h4 g4 53. Bc8 Ke4 54. Bb7 Kd4 55.
Bc8 Ke3 56. Bf5 d4 57. Bh7 d3 58. Bxd3 Nxd3 0-1

[Event "New Zealand Junior Championship"]
[Site "Wellington"]
[Date "2023.01.09"]
[Round "7.12"]
[White "Sun, Wanyao Sarah"]
[Black "Mavaram, Eashan"]
[Result "1-0"]
[TimeControl "60 mins plus 30 secs per move"]
[WhiteFideId "4313887"]
[BlackFideId "4317416"]
[WhiteElo "1635"]
[BlackElo "1441"]

1. e4 e6 2. d4 d5 3. Nc3 Nf6 4. e5 Nfd7 5. f4 c5 6. Nf3 Nc6 7. Be3 Qb6 8. Na4 Qc7 9. Nxc5 Nxc5 10.
dxc5 Bd7 11. Be2 Rc8 12. O-O Be7 13. Bd3 Qa5 14. Ng5 Bxc5 15. Bxc5 Qxc5+ 16. Kh1 Qe7 17. Qh5 g6 18. Qh3 Kf8 19.
c4 dxc4 20. Bxc4 Nd4 21. Bd3 Kg7 22. Ne4 h5 23. Nf6 Bb5 24. Bxb5 Nxb5 25. Qh4 Qc5 26. Ne4 Qc7 27. Qf6+ Kg8 28.
Ng5 Rf8 29. Rfd1 a6 30. Rac1 Qb6 31. Nxf7 Rh7 32. Qxg6+ Rg7 33. Nh6+ Kh8 34. Qxh5 Qf2 35. Ng4+ Rh7 36. Qxh7+ Kxh7 37.
Nxf2 Rxf4 38. Nd3 Re4 39. h3 Nd4 40. Rc7+ Kg6 41. Nc5 Re2 42. Rxd4 Rxb2 43. Rxb7 Rxa2 44. Rb6 a5 45. Rxe6+ Kf5 46.
g4+ Kg5 47. Ne4+ Kf4 48. Nc3+ Ke3 49. Nxa2 Kxd4 50. Rf6 Kxe5 51. Rf5+ Ke6 52. Rxa5 Kf6 53. g5+ Kg6 54. h4 1-0

[Event "New Zealand Junior Championship"]
[Site "Wellington"]
[Date "2023.01.09"]
[Round "7.13"]
[White "Liu, Richard Jingjie"]
[Black "Hookings, Jonathon"]
[Result "1/2-1/2"]
[TimeControl "60 mins plus 30 secs per move"]
[WhiteFideId "4316967"]
[BlackFideId "4314379"]
[WhiteElo "1392"]
[BlackElo "1584"]

1. e4 c6 2. d4 d5 3. e5 Bf5 4. c4 dxc4 5. Bxc4 e6 6.
Nf3 Nd7 7. Nc3 Nb6 8. Bb3 Bg4 9. Be3 Ne7 10. h3 Bxf3 11. Qxf3 Ned5 12. O-O Be7 13. Nxd5 Nxd5 14. Bxd5 Qxd5 15. Qxd5 cxd5 16. Rac1 Kd7 17. Rc3 Rhc8 18. Rfc1 Rc6 19.
a3 Rac8 20. Bd2 Bd8 21. Kf1 Bb6 22. Be3 Rxc3 23. Rxc3 Rc4 24. Ke2 Ba5 25. Rc1 a6 26. Kd3 Rc6 27. b4 Bd8 28. Rxc6 bxc6 29. Kc3 Kc7 30. Kb3 Kb6 31.
Ka4 Be7 32. f4 Bh4 33. g4 g6 34. Kb3 a5 35. bxa5+ Kxa5 36. a4 Be1 37. Ka3 Kb6 38. Kb3 Ka6 39. Ka2 Bb4 40. Kb3 Ka5 41.
Bc1 h5 42. gxh5 gxh5 43. Be3 Be7 44. Bd2+ Ka6 45. Be3 1/2-1/2

[Event "New Zealand Junior Championship"]
[Site "Wellington"]
[Date "2023.01.09"]
[Round "7.14"]
[White "Tang, Tracy"]
[Black "Sun, Taoran Ethan"]
[Result "1/2-1/2"]
[TimeControl "60 mins plus 30 secs per move"]
[WhiteFideId "4311647"]
[BlackFideId "4313879"]
[WhiteElo "1538"]
[BlackElo "1219"]

1. d4 Nf6 2. Nf3 g6 3. c4 Bg7 4. Nc3 d6 5. e4 O-O 6. Be3 Nbd7 7. Be2 c5 8. d5 Nb6 9. Qd2 Ne8 10. Bh6 f5 11. Bxg7 Kxg7 12.
e5 e6 13. dxe6 Bxe6 14. b3 dxe5 15. Qxd8 Rxd8 16. Nxe5 Nd7 17. O-O-O Nef6 18. Nf3 Rfe8 19. Rhe1 Ne4 20. Nxe4 fxe4 21.
Ng5 Bf5 22. g4 Be6 23. Nxe4 b6 24. h3 Bf7 25. Nd6 Re7 26. Bf3 Ne5 27. Nf5+ gxf5 28. Rxd8 Nd3+ 29. Rxd3 Rxe1+ 30. Kb2 fxg4 31.
Bxg4 Re7 32. Rd7 Rxd7 33. Bxd7 Kg6 34. Kc3 Kg5 35. Kd3 Kf4 36. Ke2 Bg6 37. h4 Bb1 1/2-1/2